 Dungeon Crawl Stone Soup version 0.29.1-15-g9cfb28693d (webtiles) character file.

Game seed: 15876334097070023448

5 jtron the Prestidigitator (level 1, 0/13 HPs)
             Began as a Gnoll Wanderer on Mar 21, 2023.
             Constricted to death by a ball python (1 damage)
             ... on level 1 of the Dungeon.
             The game lasted 00:00:32 (189 turns).

jtron the Prestidigitator (Gnoll Wanderer)           Turns: 189, Time: 00:00:33

Health: 0/13       AC:  3    Str: 12    XL:     1   Next: 80%
Magic:  1/1        EV: 14    Int:  9    God:
Gold:   15         SH:  0    Dex: 12    Spells: 0/0 levels left

rFire   . . .      SeeInvis .   a - +2 spear
rCold   . . .      Faith    .   (no shield)
rNeg    . . .      Spirit   .   e - +0 leather armour
rPois   .          Reflect  .   (no helmet)
rElec   .          Harm     .   (no cloak)
rCorr   .          Rampage  .   (no gloves)
Will    .....                   (no boots)
Stlth   +.........              (no amulet)
HPRegen 0.04/turn               h - +4 ring of evasion
MPRegen 0.07/turn               (no ring)

@: attractive, constricted
A: fangs 1, strong nose, distributed training
a: no special abilities


You were on level 1 of the Dungeon.
You visited 1 branch of the dungeon, and saw 1 of its levels.

You collected 15 gold pieces.

Inventory:

Hand Weapons
 a - a +2 spear (weapon)
Armour
 e - a +0 leather armour (worn)
Jewellery
 h - a +4 ring of evasion (left hand)
Scrolls
 b - a scroll of butterflies
 d - a scroll of teleportation
 g - a scroll of amnesia {unknown}
Miscellaneous
 c - a piece from Xom's chessboard (15/15) (quivered)


   Skills:
 + Level 0.1 Fighting
 + Level 0.1 Short Blades
 + Level 0.1 Long Blades
 + Level 0.1 Axes
 + Level 0.1 Maces & Flails
 + Level 4.4 Polearms
 + Level 0.1 Staves
 + Level 0.1 Ranged Weapons
 + Level 0.1 Throwing
 + Level 2.4 Armour
 + Level 4.4 Dodging
 + Level 0.1 Stealth
 + Level 0.1 Shields
 + Level 2.4 Unarmed Combat
 + Level 0.1 Spellcasting
 + Level 0.1 Conjurations
 + Level 0.1 Hexes
 + Level 0.1 Summonings
 + Level 0.1 Necromancy
 + Level 0.1 Translocations
 + Level 0.1 Transmutations
 + Level 0.1 Fire Magic
 + Level 0.1 Ice Magic
 + Level 0.1 Air Magic
 + Level 0.1 Earth Magic
 + Level 0.1 Poison Magic
 + Level 0.2 Invocations
 + Level 8.4 Evocations


You couldn't memorise any spells.
You didn't know any spells.
Your spell library was empty.

Dungeon Overview and Level Annotations

Branches:
Dungeon (1/15)

Altars:


Innate Abilities, Weirdness & Mutations

You have very sharp teeth.
Your uncanny sense of smell can sniff out nearby items.
Your experience applies equally to all skills.


Message History

You are frozen.
You hit the endoplasm.
The endoplasm is moderately wounded.
A goblin comes into view. It is wielding a +0 club.
The endoplasm misses you.
The goblin shouts!
You hit the endoplasm but do no damage.
The endoplasm is moderately wounded.
The ball python bites you. The ball python grabs you.
The ball python constricts you. The endoplasm freezes you.
You are frozen.
You escape the ball python's grasp.
The ball python closely misses you. The ball python barely misses you.
The ball python attacks as you move away!
The ball python bites you.
* * * LOW HITPOINT WARNING * * *
The ball python closely misses you. The endoplasm attacks as you move away!
The endoplasm hits you but does no damage.
The ball python bites you.
* * * LOW HITPOINT WARNING * * *
The ball python misses you. The endoplasm attacks as you move away!
The endoplasm misses you.
It was a potion of attraction.
You feel attractive to monsters. The ball python misses you.
The ball python completely misses you. The goblin is attracted toward you.
The endoplasm attacks as you move away! The endoplasm barely misses you.
The ball python attacks as you move away!
The ball python misses you. The ball python barely misses you. x3
The ball python is attracted toward you.
The goblin is attracted toward you.
You hit the ball python.
The ball python is moderately wounded.
The ball python misses you. The ball python completely misses you.
You closely miss the ball python.
The ball python is moderately wounded.
The ball python misses you. The ball python grabs you.
The ball python constricts you.
You die...

#...# ...g.# #...####
....## .......#
...>####. †......#
######## #.#......
.......###......#
###..###
.......##.......#
#......##..
#.......).......#
#§........#
#########.......###
#.[........ #......[@.#
#.......##.
#.......#S###.......#
#.......#Jg.§..........
##........g....###.....
#......>......#.......
#.....................
#...............#.....
#............##.#
#..........#......


You could see an endoplasm, 2 goblins and a ball python.

Vanquished Creatures
  An endoplasm (D:1)
  2 goblins (D:1)
  A frilled lizard (D:1)
  A kobold (D:1)
5 creatures vanquished.

Notes
Turn   | Place    | Note
-------+----------+-------------------------------------------
     0 | D:1      | jtron the Gnoll Wanderer began the quest for the Orb.
     0 | D:1      | jtron set off with the following items: a +2 spear, a
                  | scroll of butterflies, a piece from Xom's chessboard
                  | (15/15), a scroll of teleportation, a +0 leather armour.
     0 | D:1      | Reached XP level 1. HP: 13/13 MP: 1/1
   189 | D:1      | Constricted to death by a ball python

Illustrated notes

Levels and vault maps discovered:
D:1:      minmay_arrival_hallway, layout_rooms

Action                   || total
-------------------------++-------
Melee: Spear             ||    14
       Bite              ||     1
  Use: Potion            ||     1
Armor: Leather armour    ||     2
Dodge: Dodged            ||    19
